 Dungeon Crawl Stone Soup version 0.29.0-15-g675c0067aa (webtiles) character file.

Game seed: 761599977106825646

17356 Pooter the Cleaver (level 12, -8/165 HPs)
             Began as a Minotaur Berserker on Sept 11, 2022.
             Was an Elder of Trog.
             Mangled by a sun demon (14 damage)
             ... in a volcano on Sept 12, 2022.
             The game lasted 01:11:37 (20063 turns).

Pooter the Cleaver (Minotaur Berserker)            Turns: 20063, Time: 01:11:38

Health: -8/165     AC: 19    Str: 31    XL:     12   Next: 18%
Magic:  11/11      EV: 12    Int:  4    God:    Trog [****..]
Gold:   871        SH:  5    Dex: 10    Spells: 11/11 levels left

rFire   . . .      SeeInvis .   a - +8 battleaxe (elec)
rCold   . . .      Faith    .   (shield currently unavailable)
rNeg    . . .      Spirit   .   M - +4 plate armour
rPois   +          Reflect  +   (helmet restricted)
rElec   .          Harm     .   C - +0 cloak
rCorr   .          Rampage  .   j - +0 pair of gloves
Will    .....                   (no boots)
Stlth   ..........              F - amulet of the Elephant {Reflect rPois SH+5}
HPRegen 0.37/turn               S - +4 ring of evasion
MPRegen 0.12/turn               s - +6 ring of strength

@: berserking, very quick
A: horns 2, retaliatory headbutt, clumsy 1
a: Renounce Religion, Berserk, Trog's Hand, Brothers in Arms


You were in a volcano.
You worshipped Trog.
Trog was greatly pleased with you.
You visited 2 branches of the dungeon, and saw 13 of its levels.
You also visited: Bailey and Volcano.

You collected 871 gold pieces.

Inventory:

Hand Weapons
 a - a +8 battleaxe of electrocution (weapon)
   (You took it off an orc warlord in a bailey)
 b - a +7 arbalest of freezing
   (You acquired it in a bailey)
 f - a +2 halberd of venom
   (You took it off a gnoll on level 8 of the Dungeon)
 J - a +2 war axe
   (You took it off a wight on level 5 of the Dungeon)
Missiles
 d - 45 poisoned darts
 l - 4 atropa-tipped darts
 p - 30 boomerangs (quivered)
 u - 7 curare-tipped darts
 H - 3 boomerangs of dispersal {!f}
 Q - 107 stones
Armour
 j - a +0 pair of gloves (worn)
   (You found it on level 2 of the Dungeon)
 v - a +0 buckler
   (You found it on level 4 of the Dungeon)
 C - a +0 cloak (worn)
   (You found it on level 3 of the Dungeon)
 M - a +4 plate armour (worn)
   (You took it off an orc warrior in a bailey)
Jewellery
 s - a +6 ring of strength (right hand)
   (You found it on level 3 of the Dungeon)
 E - a ring of flight
   (You found it on level 1 of the Dungeon)
 F - the amulet of the Elephant (around neck) {Reflect rPois SH+5}
   (You found it on level 6 of the Dungeon)

   [amulet of reflection]

   It reflects blocked missile attacks.
   rPois:     It protects you from poison.
   SH:        It affects your SH (+5).
 I - a ring of protection from cold
   (You found it on level 11 of the Dungeon)
 S - a +4 ring of evasion (left hand)
   (You found it on level 8 of the Dungeon)
Wands
 k - a wand of roots (6)
   (You took it off Jessica on level 3 of the Dungeon)
 o - a wand of light (2)
   (You found it on level 3 of the Dungeon)
 R - a wand of charming (9)
   (You found it on level 8 of the Dungeon)
Scrolls
 e - 4 scrolls of poison
 g - 2 scrolls of magic mapping {unknown}
 n - 2 scrolls of noise {!r}
 r - a scroll of brand weapon
 t - 6 scrolls of teleportation {@r4}
 x - 3 scrolls of fear
 y - a scroll of torment {unknown}
 A - a scroll of blinking {unknown}
 K - 4 scrolls of butterflies
 L - a scroll of silence {unknown}
 O - a scroll of summoning
 T - a scroll of immolation {unknown}
Potions
 c - 5 potions of attraction {!q}
 h - 4 potions of curing {@q1}
 i - a potion of resistance {unknown}
 m - 2 potions of might
 z - a potion of lignification {unknown}
 B - 2 potions of cancellation
 D - 2 potions of berserk rage {unknown}
 G - 2 potions of flight {unknown}
 N - a potion of invisibility {unknown}
 P - a potion of heal wounds {@q2}


   Skills:
 + Level 11.0 Fighting
 * Level 14.8 Axes
 * Level 13.3 Ranged Weapons
 + Level 7.1 Armour
 - Level 2.1 Dodging
 + Level 1.1 Evocations


You had 11 spell levels left.
You didn't know any spells.
Your spell library was empty.

Dungeon Overview and Level Annotations

Branches:
Dungeon (11/15)            Temple (0/1) D:6             Orc (2/2) D:11
 Bailey (visited)         Volcano (1/1)
   Lair: D:8-11         Elf: Orc:2

Altars:
Ashenzari
Dithmenos
Gozag
Ru
Wu Jian
The Shining One

Portals:
Trove: D:10 (give +5 demon blade)

Annotations:
D:5 3 runed translucent doors, SensoryNuts's ghost, novice DsFi
D:10 2 transporters, FortyBot's ghost, journeyman FoFi


Innate Abilities, Weirdness & Mutations

You have a pair of horns on your head.
You reflexively headbutt those who attack you in melee.
You are clumsy. (Dex -2)


Message History

Trog accepts your kill.
The steam dragon scales are intact enough to wear.
Your Fighting skill increases to level 11!
A smoke demon comes into view.
The smoke demon roars!
A sun demon comes into view.
The steam dragon breathes steam at you. The ball of steam misses you.
The smoke demon gestures at you. Something smites you!
* * * LOW HITPOINT WARNING * * *
You start resting.
A sun demon is nearby!
You slice the sun demon!! You headbutt the sun demon.
You feel the effects of Trog's Hand fading.
The sun demon closely misses you.
You barely miss the sun demon. Your headbutt misses the sun demon.
The sun demon hits you!!
* * * LOW HITPOINT WARNING * * *
You are engulfed in flames!!
* * * LOW HITPOINT WARNING * * *
You barely miss the sun demon.
The sun demon hits you but does no damage.
You miss the sun demon. Your headbutt misses the sun demon.
The sun demon hits you.
* * * LOW HITPOINT WARNING * * *
You are engulfed in flames!
* * * LOW HITPOINT WARNING * * *
You feel much better. The sun demon hits you!
* * * LOW HITPOINT WARNING * * *
You are engulfed in flames!
* * * LOW HITPOINT WARNING * * *
The sun demon closely misses you. You furiously retaliate!
You headbutt the sun demon.
A red film seems to cover your vision as you go berserk!
You feel yourself moving faster!
You feel mighty! You block the sun demon's attack.
The steam dragon bites you but does no damage.
You block the steam dragon's attack. The smoke demon gestures at you.
The ball of steam hits the sun demon.
The sun demon resists.
The ball of steam hits you!
* * * LOW HITPOINT WARNING * * *
You slash the steam dragon! Your headbutt misses the steam dragon.
You slash the sun demon!
You are engulfed in a cloud of scalding steam.
* * * LOW HITPOINT WARNING * * *
Your skin stops crawling.
You feel less strong-willed. The sun demon hits you!
You die...

#..##....3#.#.§.##
#.#....§D########
#..#§.§.##
#....§3.#
#.......#
#.##...## #§.....#
#.§##### #..#@##
##33D.## #.§∩.∩#
##...## ##.## ###


You could see a sun demon, a smoke demon and a steam dragon.

Vanquished Creatures
  An orc warlord (Bailey)
  Erica (D:10)
  A sun demon (Volcano)
  Pikel (D:5)
  A deep elf pyromancer (D:7)
  A manticore (D:9)
  2 cyclopes
  3 smoke demons (Volcano)
  A kobold demonologist (D:11)
  A komodo dragon (D:8)
  4 trolls
  3 hornets
  Prince Ribbit (D:7)
  Sigmund (D:2)
  A shadow (D:10)
  14 yaks
  7 steam dragons
  A wyvern (D:4)
  5 vampire mosquitoes
  A basilisk (D:11)
  A warg (Orc:2)
  A hell hound (Volcano)
  An acid dragon (D:8)
  13 orc warriors
  3 water moccasins (D:6)
  2 sky beasts
  A black bear (D:6)
  3 ogres
  6 centaurs
  A lemure (D:5)
  6 kobold brigands
  2 bullfrogs
  5 scorpions
  3 necrophages
  2 gnoll sergeants (D:7)
  13 wights
  2 killer bees (D:9)
  8 electric eels (D:7)
  A howler monkey (D:5)
  4 gnoll boudas
  A jelly (D:6)
  3 orc priests
  4 hounds
  Jessica (D:3)
  An iguana (D:7)
  Terence (D:3)
  11 orc wizards
  Robin (D:2)
  20 gnolls
  9 adders
  5 worms
  A dart slug (D:1)
  20 orcs
  9 endoplasms
  2 giant cockroaches
  18 goblins
  19 hobgoblins
  6 jackals
  8 quokkas
  5 ball pythons
  3 bats
  6 frilled lizards
  36 kobolds
  3 rats (D:1)
322 creatures vanquished.

Vanquished Creatures (others)
  3 plants (D:7)
3 creatures vanquished.

Grand Total: 325 creatures vanquished

Notes
Turn   | Place    | Note
-------+----------+-------------------------------------------
     0 | D:1      | Pooter the Minotaur Berserker began the quest for the Orb.
     0 | D:1      | Reached XP level 1. HP: 19/19 MP: 0/0
   227 | D:1      | Reached skill level 1 in Ranged Weapons
   246 | D:1      | Reached skill level 4 in Axes
   246 | D:1      | Reached XP level 2. HP: 22/27 MP: 1/1
  1671 | D:1      | Found a faded altar of an unknown god.
  1730 | D:2      | Reached XP level 3. HP: 30/33 MP: 2/2
  1778 | D:2      | Identified the +0 leather armour of Ymixah {+Inv rN+ Dex+4}
  4099 | D:2      | Noticed Sigmund
  4118 | D:2      | Noticed Robin
  4127 | D:2      | Killed Robin
  4128 | D:2      | Reached XP level 4. HP: 38/40 MP: 3/3
  4506 | D:2      | Killed Sigmund
  4507 | D:2      | Reached skill level 5 in Axes
  4507 | D:2      | Reached XP level 5. HP: 46/47 MP: 4/4
  5159 | D:3      | Reached skill level 5 in Fighting
  5159 | D:3      | Reached skill level 6 in Axes
  5159 | D:3      | Reached XP level 6. HP: 56/56 MP: 5/5
  5650 | D:3      | Found a sacrificial altar of Ru.
  5651 | D:3      | Noticed Terence
  5660 | D:3      | Killed Terence
  5800 | D:3      | Noticed Jessica
  5801 | D:3      | Killed Jessica
  5907 | D:3      | Found a glowing golden altar of the Shining One.
  6220 | D:4      | Reached XP level 7. HP: 61/61 MP: 6/6
  6403 | D:4      | Reached skill level 5 in Ranged Weapons
  6449 | D:4      | Reached skill level 7 in Axes
  6456 | D:4      | Noticed a wyvern
  6464 | D:4      | Killed a wyvern
  6606 | D:4      | Identified the +0 helmet "Wigruret" {rN+ rCorr Str+2 Dex-2}
  7195 | D:5      | Entered Level 5 of the Dungeon
  7209 | D:5      | Reached XP level 8. HP: 70/70 MP: 7/7
  7285 | D:5      | Reached skill level 8 in Axes
  7410 | D:5      | Found a runed translucent gate.
  7410 | D:5      | Found a runed translucent gate.
  7410 | D:5      | Found a runed translucent gate.
  7410 | D:5      | Noticed SensoryNuts's ghost (novice DsFi)
  7861 | D:5      | Noticed Pikel
  7900 | D:5      | Killed Pikel
  7901 | D:5      | Reached skill level 9 in Axes
  7901 | D:5      | Reached XP level 9. HP: 15/79 MP: 8/8
  8468 | D:6      | Reached ** piety under Trog
  8530 | D:6      | Identified the amulet of the Elephant {Reflect rPois SH+5}
  8597 | D:6      | Found a staircase to the Ecumenical Temple.
  8607 | D:6      | Reached skill level 10 in Axes
  9243 | D:7      | Noticed Prince Ribbit
  9256 | D:7      | Found a flagged portal.
  9262 | D:7      | Killed Prince Ribbit
  9309 | Bailey   | Entered a bailey
  9347 | Bailey   | Noticed an orc warlord
  9446 | Bailey   | Found a runed translucent gate.
  9446 | Bailey   | Found a runed translucent gate.
  9456 | Bailey   | Found a runed translucent gate.
  9474 | Bailey   | Reached skill level 11 in Axes
  9991 | Bailey   | Killed an orc warlord
  9992 | Bailey   | Reached skill level 10 in Ranged Weapons
  9992 | Bailey   | Reached XP level 10. HP: 57/90 MP: 9/9
 10202 | Bailey   | Acquired a +7 arbalest of freezing
 10830 | D:7      | Found a broken altar of Ashenzari.
 11314 | D:7      | Noticed a deep elf pyromancer
 11320 | D:7      | Killed a deep elf pyromancer
 11321 | D:7      | Reached skill level 12 in Axes
 13392 | D:8      | Found a shadowy altar of Dithmenos.
 13404 | D:8      | Reached *** piety under Trog
 13507 | D:8      | Reached skill level 13 in Axes
 13507 | D:8      | Reached XP level 11. HP: 54/99 MP: 10/10
 14919 | D:9      | Reached skill level 5 in Armour
 15510 | D:9      | Found an ornate altar of the Wu Jian Council.
 16414 | D:9      | Found an opulent altar of Gozag.
 16418 | D:9      | Reached skill level 10 in Fighting
 16539 | D:9      | Identified the +3 trident "Sionatunk" {venom, rElec Int-4
                  | Dex+3}
 16710 | D:10     | Entered Level 10 of the Dungeon
 16954 | D:10     | Found a transporter.
 16960 | D:10     | Noticed FortyBot's ghost (journeyman FoFi)
 17009 | D:10     | Noticed Erica
 17013 | D:10     | Killed Erica
 17230 | D:10     | Found a portal to a secret trove of treasure.
 17257 | D:10     | Found a transporter.
 17368 | D:11     | Lost intelligence.
 17368 | D:11     | Gained mutation: You are dopey. (Int -2) [potion of
                  | mutation]
 17376 | D:10     | Lost mutation: You are dopey. (Int -2) [potion of mutation]
 17376 | D:10     | Gained mutation: You are agile. (Dex +4, Str/Int -1)
                  | [potion of mutation]
 17376 | D:10     | Gained mutation: Your movements are slightly less
                  | encumbered by armour. (ER -2) [potion of mutation]
 17377 | D:10     | Lost mutation: Your movements are slightly less encumbered
                  | by armour. (ER -2) [potion of mutation]
 17377 | D:10     | Lost mutation: You are agile. (Dex +4, Str/Int -1) [potion
                  | of mutation]
 17377 | D:10     | Gained mutation: You have hidden genetic defects. [potion
                  | of mutation]
 17377 | D:10     | Gained mutation: Your flesh is cold resistant. (rC+)
                  | [potion of mutation]
 17378 | D:10     | Lost mutation: You have hidden genetic defects. [potion of
                  | mutation]
 17378 | D:10     | Lost mutation: Your flesh is cold resistant. (rC+) [potion
                  | of mutation]
 17378 | D:10     | Gained mutation: You are clumsy. (Dex -2) [potion of
                  | mutation]
 17397 | D:11     | Reached skill level 14 in Axes
 17594 | D:11     | Reached **** piety under Trog
 18196 | D:11     | Found a staircase to the Orcish Mines.
 19030 | Orc:1    | Entered Level 1 of the Orcish Mines
 19531 | Orc:2    | Entered Level 2 of the Orcish Mines
 19567 | Orc:2    | Reached XP level 12. HP: 108/108 MP: 11/11
 19837 | Orc:2    | Found a dark tunnel.
 19845 | Volcano  | Entered a volcano
 20033 | Volcano  | Reached skill level 1 in Evocations
 20063 | Volcano  | HP: 6/165 [smoke demon] (5)]
 20063 | Volcano  | Mangled by a sun demon

Illustrated notes

Levels and vault maps discovered:
D:1:      eino_arrival_druids_welcome, layout_basic,
          chequers_ecumenical_altar_twisty, serial_park_tiny_2,
          dk_noncrumbling_3, minivault_4, reono_crystal_passage, nrook_campfire
D:2:      layout_basic, minmay_misc_feat_room, minmay_misc_feat_ornament,
          minmay_misc_feat_diagonals, uniq_robin, uniq_sigmund
D:3:      layout_loops_ring, minitemple, corexii_corridor_pit,
          minmay_misc_feat_tower, nicolae_titane, uniq_terence, uniq_jessica
D:4:      layout_loops_ring, minmay_circle_x
D:5:      layout_loops_cross, gammafunk_ghost_necromancy, uniq_pikel
D:6:      layout_gridville, minmay_temple_entry_ruins
D:7:      cheibrodos_two_vegetables, layout_basic,
          nicolae_overflow_crystal_walls, enter_bailey_5, kennysheep_cross_room,
          uniq_prince_ribbit1
D:8:      layout_basic, kennysheep_mini
D:9:      layout_irregular_city, nzn_wu_jian_contemplation,
          nicolae_gozag_cash_rules_everything_around_me, serial_column_ruins,
          column_ruins_open_small_water, column_ruins_corridor_straight,
          column_ruins_columns_straight, column_ruins_open_tiny,
          hangedman_minor_gate_pass
D:10:     wander_river, layout_irregular_city, enter_trove_0,
          gammafunk_ghost_berserking_beasts, uniq_erica
D:11:     layout_grid_maze, due_lair_maze_entry_diamond, orc_david_3,
          nicolae_uskayaw_suspiria
Orc:1:    layout_diamond_mine, okawaru_metal_pillars_1_2
Orc:2:    grunt_orc_tribal_feast, layout_diamond_mine,
          nicolae_volcano_entry_s_turn
Volcano:  hellmonk_smoking_crater

Skill      XL: |  1  2  3  4  5  6  7  8  9 10 11 12 |
---------------+-------------------------------------+-----
Ranged Weapons | 1 2 3 4 6 8 10 11 13 | 13.3
Axes           | 4 5 6 7 9 11 13 14 | 14.8
Fighting       | 4 5 6 7 8 9 10 11 | 11.0
Armour         | 4 6 7 |  7.1
Evocations     | 1 |  1.1
Dodging        | |  2.1

Action                   |  1- 3 |  4- 6 |  7- 9 | 10-12 || total
-------------------------+-------+-------+-------+-------++-------
Melee: Hand axe          |    35 |   105 |    50 |       ||   190
       Headbutt          |     8 |    15 |    39 |    13 ||    75
       War axe           |       |       |   166 |       ||   166
       Battleaxe         |       |       |    14 |   111 ||   125
 Fire: Sling             |    64 |    27 |    22 |       ||   113
       Arbalest          |       |       |       |   244 ||   244
Throw: Dart              |       |       |     4 |       ||     4
       Boomerang         |       |       |     2 |       ||     2
Invok: Berserk           |     4 |     4 |    11 |     4 ||    23
       Trog's Hand       |       |       |     5 |     6 ||    11
Evoke: Wand              |       |     1 |       |     3 ||     4
  Use: Scroll            |     2 |     2 |     4 |    15 ||    23
       Potion            |       |     2 |       |     7 ||     9
Armor: Animal skin       |     2 |       |       |       ||     2
       Leather armour    |     5 |     3 |       |       ||     8
       Chain mail        |       |    34 |    74 |       ||   108
       Plate armour      |       |       |       |   102 ||   102
Dodge: Dodged            |    39 |    57 |    97 |   104 ||   297
Block: Buckler           |       |       |    49 |       ||    49
       Reflection        |       |       |     8 |     7 ||    15
       Other             |       |       |     2 |    46 ||    48
